Map: Ulrena

Players

LilDicky - Winner!

  • Race: Terran Terran
  • League: Diamond

broisSNSDfan

  • Race: Protoss Protoss

VOD

http://www.twitch.tv/tumescentpie

Description

Time

  • Played on: Dec. 20, 2015, 11:19 a.m.
  • Length: 24:44
Show
View Real Time Build Order
Export as new Build Order

LilDicky Terran - Winner!

Build Orders: Mech 

Get SALT Encoding   

  12  0:01  SCV  
  13  0:13  SCV  
  14  0:18  Supply Depot  
  14  0:25  SCV  
  15  0:30  Refinery  
  15  0:40  SCV  
  16  0:45  Barracks  
  16  0:52  SCV  
  17  1:04  SCV  
  18  1:16  SCV  
  20  1:32  Marine  
  20  1:34  Supply Depot  
  20  1:35  Orbital Command  
  20  1:50  Marine  
  20  1:52  Factory  
  21  2:01  SCV  
  21  2:08  Marine  
  22  2:14  SCV  
  24  2:26  SCV, Marine  
  24  2:29  Command Center  
  26  2:40  Factory Tech Lab, Starport  
  26  2:43  SCV  
  27  2:44  Refinery  
  27  2:54  Marine  
  27  2:56  SCV  
  29  3:11  Siege Tank  
  32  3:14  SCV  
  32  3:15  Marine  
  34  3:22  Starport Tech Lab  
  34  3:27  SCV  
  35  3:29  Refinery  
  35  3:33  Marine  
  36  3:39  SCV  
  37  3:42  Orbital Command  
  37  3:43  Siege Tank  
  40  3:52  SCV  
  41  3:56  Banshee  
  44  4:08  SCV  
  44  4:09  SCV  
  46  4:11  Supply Depot  
  46  4:15  Marine  
  47  4:20  SCV  
  47  4:21  SCV, Cloaking Field  
  49  4:32  SCV  
  49  4:33  SCV  
  51  4:38  Banshee  
  51  4:43  Engineering Bay  
  51  4:44  Supply Depot, SCV  
  55  4:45  Marine  
  55  4:49  Siege Tank  
  55  4:52  SCV  
  60  4:58  SCV  
  61  5:03  Marine  
  61  5:05  SCV  
  63  5:09  Supply Depot  
  63  5:11  SCV  
  64  5:17  Missile Turret  
  64  5:20  Missile Turret  
  64  5:21  SCV  
  65  5:25  Barracks Reactor, Banshee  
  68  5:29  SCV  
  68  5:34  Supply Depot, SCV  
  70  5:36  Siege Tank  
  70  5:42  SCV  
  74  6:27  Banshee  
  74  6:58  SCV x2  
  76  7:04  Factory, Refinery  
  76  7:05  Command Center, Factory  
  76  7:06  Factory  
  70  7:10  SCV x2, Siege Tank  
  75  7:18  Supply Depot  
  75  7:21  Supply Depot  
  75  7:22  SCV, Supply Depot x2  
  76  7:26  SCV  
  78  7:32  Command Center  
  78  7:33  Liberator  
  78  7:34  SCV  
  78  7:40  SCV  
  78  7:41  Armory  
  78  7:42  Siege Tank  
  78  7:43  Armory  
  82  7:46  SCV  
  82  7:47  Marine  
  82  7:48  Combat Shields  
  81  8:14  Siege Tank  
  81  8:17  Factory Tech Lab, Factory Reactor  
  81  8:18  Factory Reactor  
  84  8:26  Marine  
  85  8:32  Terran Vehicle Weapons Level 1  
  85  8:33  Terran Vehicle And Ship Armor Level 1  
  85  8:39  SCV x2  
  87  8:43  Command Center  
  87  8:44  Command Center, Marine  
  87  8:46  Siege Tank  
  87  8:47  Refinery  
  91  8:50  Command Center  
  91  8:51  SCV x2, Refinery  
  91  8:52  Refinery, Orbital Command  
  93  9:03  Planetary Fortress, SCV  
  93  9:05  Liberator  
  93  9:07  Missile Turret  
  93  9:09  Missile Turret  
  94  9:11  Drilling Claws, Missile Turret  
  94  9:13  Infernal Pre-Igniter  
  94  9:16  Hellion x2  
  94  9:17  Hellion x3  
  104  9:18  SCV, Hellion  
  104  9:19  SCV x2  
  110  9:46  SCV x2  
  110  9:47  SCV  
  110  9:49  Supply Depot  
  110  9:52  SCV  
  114  9:58  SCV  
  114  9:59  SCV x2  
  117  10:00  Orbital Command x2  
  117  10:04  Command Center, SCV  
  118  10:12  Command Center  
  118  10:15  SCV  
  118  10:16  Hellion x2  
  118  10:17  Command Center  
  123  10:27  Armory  
  123  10:28  Refinery  
  123  10:29  Orbital Command, Refinery, Fusion Core  
  123  10:40  SCV  
  124  10:44  SCV  
  124  10:45  Hellion x3  
  131  10:59  Sensor Tower  
  131  11:18  Missile Turret  
  131  11:21  SCV x4, Missile Turret x2  
  131  11:22  SCV x3  
  138  11:29  Command Center  
  138  11:33  SCV x2  
  138  11:34  Command Center  
  139  11:46  Terran Infantry Weapons Level 1, Missile Turret  
  132  11:48  Terran Vehicle Weapons Level 2, Terran Vehicle And Ship Armor Level 2  
  132  11:49  Terran Ship Weapons Level 1  
  132  11:50  Behemoth Reactor  
  132  11:52  Orbital Command x2  
  128  12:12  Starport  
  128  12:21  Missile Turret  
  128  12:22  Missile Turret  
  128  12:32  Missile Turret  
  128  12:43  Command Center x2, Planetary Fortress  
  128  12:46  Missile Turret  
  128  12:48  Liberator  
  128  12:52  Command Center  
  128  12:56  Missile Turret  
  128  12:58  Missile Turret  
  128  13:02  Sensor Tower  
  128  13:03  Medivac  
  133  13:18  Starport Tech Lab  
  133  13:20  Liberator x2  
  133  13:39  Liberator  
  139  13:48  Missile Turret  
  139  13:59  Advanced Ballistics  
  142  14:04  Terran Ship Weapons Level 2  
  142  14:05  Terran Vehicle And Ship Armor Level 3, Terran Vehicle Weapons Level 3  
  142  14:06  Weapon Refit  
  142  14:17  Liberator x2  
  142  14:19  Command Center  
  142  14:26  SCV x2  
  141  14:32  Hellion x2, Widow Mine x3  
  141  14:33  Hellion  
  141  14:36  SCV x2  
  141  14:37  Starport  
  151  14:38  Starport  
  151  14:40  Planetary Fortress  
  151  14:45  Command Center  
  151  14:46  Refinery  
  151  14:47  Refinery  
  151  14:48  Planetary Fortress  
  151  14:53  Refinery, Widow Mine  
  151  14:55  Missile Turret  
  151  14:57  Missile Turret  
  153  15:00  Missile Turret  
  153  15:01  Missile Turret  
  153  15:04  Planetary Fortress  
  152  15:18  Hyperflight Rotors  
  152  15:31  Starport Reactor  
  152  15:39  Planetary Fortress, Starport Reactor  
  152  16:07  Planetary Fortress  
  152  16:12  Command Center  
  152  16:17  Missile Turret  
  152  16:18  Missile Turret  
  152  16:19  Liberator x3  
  152  16:20  Liberator x4  
  152  16:25  Missile Turret  
  152  16:26  Missile Turret  
  152  16:31  Hellion x4  
  181  17:00  Missile Turret  
  181  17:03  Hellion  
  181  17:04  Hellion x5, Missile Turret  
  181  17:08  SCV  
  194  17:13  Missile Turret  
  194  17:17  Command Center  
  194  17:20  SCV  
  195  17:24  Missile Turret  
  195  17:26  Planetary Fortress  
  195  17:32  SCV  
  195  17:34  Missile Turret x3  
  195  17:36  Command Center, Missile Turret  
  196  17:37  Terran Ship Weapons Level 3  
  196  17:40  Stimpack  
  196  17:42  Corvid Reactor  
  196  17:44  SCV  
  196  17:54  Missile Turret  
  196  17:56  SCV  
  193  18:08  SCV  
  194  18:18  Missile Turret  
  194  18:20  SCV  
  194  18:25  Missile Turret  
  194  18:32  SCV  
  192  18:39  Missile Turret  
  192  18:42  Command Center  
  192  18:45  SCV, Missile Turret  
  192  18:47  Missile Turret  
  187  18:49  Liberator x4  
  187  18:57  SCV  
  187  18:59  Missile Turret  
  187  19:01  Explosive Shrapnel Shells  
  184  19:18  Missile Turret  
  160  19:28  Banshee  
  146  19:34  Hellion x3  
  146  19:35  Hellion x3  
  146  19:37  Missile Turret  
  147  19:41  Concussive Shells  
  147  19:55  Hellion  
  147  19:56  Hellion x5  
  147  19:57  Missile Turret  
  154  20:10  Command Center  
  154  20:11  Banshee  
  157  20:15  Missile Turret  
  157  20:20  High Capacity Fuel Tanks  
  157  20:22  Hellion x6  
  169  20:33  SCV  
  169  20:34  Liberator x2  
  170  20:36  Missile Turret, Liberator  
  170  20:37  Missile Turret, Liberator x4  
  170  20:38  Missile Turret  
  170  20:40  Missile Turret  
  170  20:43  Hellion x2, Missile Turret x2  
  170  20:45  SCV  
  170  20:49  Missile Turret  
  163  20:55  Widow Mine  
  163  20:56  Widow Mine x3  
  192  20:57  SCV  
  192  20:58  Missile Turret  
  192  21:00  Missile Turret  
  193  21:04  Widow Mine x2  
  193  21:09  SCV  
  198  21:11  Missile Turret  
  198  21:12  Missile Turret  
  198  21:13  Missile Turret  
  198  21:14  Missile Turret  
  198  21:17  Missile Turret  
  198  21:21  SCV  
  198  21:24  Widow Mine  
  198  21:25  Missile Turret  
  200  21:29  Missile Turret x2  
  200  21:30  Missile Turret  
  200  21:31  Missile Turret  
  200  21:32  Missile Turret  
  198  21:44  Command Center  
  167  22:00  Command Center  
  131  22:48  Liberator x4  
  128  22:54  Planetary Fortress  
  128  22:57  Planetary Fortress  
  129  23:06  Hellion  
  129  23:07  Hellion x5  
  127  23:21  Planetary Fortress  
  127  23:28  Hellion x5  
  125  23:59  SCV  
  126  24:08  Refinery  
  126  24:09  Refinery  
  140  24:19  Hellion x2  
  140  24:20  Hellion x4  
Show
View Real Time Build Order
Export as new Build Order

broisSNSDfan Protoss 

Build Orders:  

Get SALT Encoding   

  12  0:02  Probe (Chrono Boost)  
  13  0:12  Probe (Chrono Boost)  
  14  0:18  Pylon  
  14  0:23  Probe (Chrono Boost)  
  15  0:36  Probe (Chrono Boost)  
  15  0:39  Gateway  
  16  0:46  Probe (Chrono Boost)  
  16  0:49  Assimilator  
  17  0:57  Probe (Chrono Boost)  
  18  1:08  Probe (Chrono Boost)  
  19  1:12  Pylon  
  20  1:18  Probe (Chrono Boost)  
  20  1:28  Cybernetics Core  
  20  1:31  Assimilator  
  21  1:33  Probe (Chrono Boost), Zealot  
  23  1:45  Probe (Chrono Boost)  
  24  1:55  Probe (Chrono Boost)  
  25  2:05  Warp Gate (Chrono Boost)  
  25  2:06  Probe  
  28  2:08  Adept  
  28  2:15  Pylon  
  28  2:18  Mothership Core  
  30  2:40  Nexus  
  30  3:05  Gateway  
  30  3:07  Gateway  
  30  3:10  Pylon  
  30  3:14  Adept  
  30  3:16  Probe  
  33  3:44  Robotics Facility  
  35  3:52  Probe (Chrono Boost)  
  34  4:04  Probe x2 (Chrono Boost)  
  34  4:08  Pylon  
  36  4:11  Twilight Council, Assimilator  
  36  4:14  Probe (Chrono Boost), Assimilator  
  36  4:16  Probe (Chrono Boost)  
  38  4:22  Adept  
  40  4:25  Probe (Chrono Boost)  
  40  4:27  Adept  
  43  4:34  Adept  
  45  4:40  Probe x2 (Chrono Boost)  
  47  4:50  Probe (Chrono Boost)  
  48  4:53  Resonating Glaives (Chrono Boost)  
  48  4:57  Gateway  
  48  5:00  Gateway  
  48  5:01  Probe (Chrono Boost)  
  48  5:03  Probe (Chrono Boost)  
  50  5:11  Warp Prism  
  52  5:23  Probe (Chrono Boost)  
  52  5:24  Probe (Chrono Boost)  
  54  5:34  Probe (Chrono Boost)  
  55  5:41  Adept  
  55  5:42  Adept  
  59  5:44  Adept  
  59  5:47  Observer  
  51  6:14  Stalker x3  
  50  6:27  Probe  
  50  6:29  Probe  
  48  6:41  Stalker x3, Probe  
  47  7:04  Probe  
  47  7:05  Probe  
  49  7:14  Probe  
  49  7:17  Probe  
  51  7:25  Probe  
  51  7:29  Probe  
  53  7:31  Blink (Chrono Boost)  
  53  7:34  Pylon  
  53  7:35  Probe, Pylon  
  54  7:47  Pylon  
  54  7:52  Probe  
  54  7:54  Pylon  
  55  8:02  Probe  
  55  8:04  Probe  
  57  8:13  Probe  
  57  8:16  Probe  
  53  8:23  Probe  
  53  8:26  Robotics Bay  
  54  8:30  Adept x2  
  54  8:31  Adept x3  
  54  8:34  Probe x2  
  66  8:46  Probe  
  67  8:59  Adept x2  
  67  9:01  Adept  
  73  9:03  Probe  
  73  9:04  Probe  
  75  9:16  Probe, Nexus  
  76  9:20  Pylon  
  58  9:47  Stalker x2  
  58  9:48  Stalker x3  
  68  9:53  Colossus  
  74  10:12  Gateway  
  74  10:19  Probe  
  74  10:20  Probe  
  76  10:23  Stalker x3  
  76  10:24  Stalker x2  
  86  10:29  Extended Thermal Lance (Chrono Boost)  
  86  10:32  Probe  
  86  10:34  Probe  
  88  10:38  Probe  
  89  10:44  Probe  
  89  10:46  Probe  
  89  10:47  Zealot x2  
  89  10:48  Zealot x2  
  89  10:49  Probe  
  99  10:51  Colossus  
  106  11:13  Probe  
  106  11:14  Probe x2  
  109  11:19  Zealot x3  
  109  11:21  Zealot  
  117  11:27  Pylon  
  117  11:43  Probe  
  117  11:45  Probe x2  
  117  11:46  Zealot x2  
  122  12:00  Colossus  
  120  12:13  Nexus  
  118  12:25  Robotics Facility  
  118  12:39  Stalker x3, Pylon  
  118  12:43  Gateway  
  124  12:44  Gateway  
  124  12:46  Gateway  
  124  12:54  Assimilator  
  124  12:56  Assimilator  
  124  12:59  Pylon x2  
  124  13:11  Colossus  
  124  13:13  Forge  
  124  13:15  Forge  
  130  13:25  Colossus  
  136  13:36  Stalker  
  136  13:37  Stalker x4  
  136  13:38  Stalker  
  148  13:51  Protoss Ground Armor Level 1 (Chrono Boost)  
  148  13:59  Protoss Ground Weapons Level 1 (Chrono Boost)  
  148  14:14  Colossus  
  148  14:16  Probe  
  146  14:17  Probe x2  
  146  14:21  Colossus  
  161  14:42  Gateway  
  161  14:44  Gateway  
  161  15:03  Pylon  
  161  15:08  Assimilator  
  161  15:12  Assimilator  
  161  15:14  Pylon  
  161  15:17  Stalker x2  
  164  15:26  Stalker x2  
  164  15:27  Stalker x2  
  166  15:52  Stargate  
  166  15:54  Stargate  
  166  15:57  Stargate  
  166  16:19  Warp Prism  
  166  16:25  Nexus  
  168  16:30  Protoss Ground Armor Level 2 (Chrono Boost)  
  168  16:32  Protoss Air Weapons Level 1  
  168  16:41  Nexus  
  168  16:45  Void Ray x3  
  180  16:48  Protoss Ground Weapons Level 2 (Chrono Boost)  
  180  16:52  Pylon  
  180  16:54  Pylon  
  180  16:56  Assimilator  
  180  16:58  Assimilator  
  180  17:01  Pylon  
  180  17:03  Pylon  
  180  17:22  Zealot x2  
  182  17:23  Zealot  
  182  17:24  Zealot  
  182  17:28  Void Ray x3  
  194  18:10  Void Ray  
  194  18:26  Protoss Air Armor Level 1  
  192  18:50  Void Ray x2  
  166  19:25  Void Ray  
  146  19:32  Void Ray (Chrono Boost)  
  146  19:33  Void Ray (Chrono Boost)  
  132  19:53  Observer  
  132  19:55  Observer  
  110  20:11  Void Ray (Chrono Boost)  
  114  20:15  Void Ray x2 (Chrono Boost)  
  122  20:31  Assimilator  
  121  20:49  Void Ray (Chrono Boost)  
  119  20:52  Void Ray (Chrono Boost)  
  119  20:53  Void Ray (Chrono Boost)  
  125  21:13  Fleet Beacon  
  117  21:26  Void Ray (Chrono Boost)  
  117  21:30  Void Ray x2 (Chrono Boost)  
  78  21:55  Stalker x3  
  78  21:56  Stalker x7  
  78  21:57  Stalker  
  96  22:06  Observer  
  92  22:26  Stalker  
  92  22:27  Stalker x5  
  92  22:28  Stalker x2  
  55  22:55  Stalker x2  
  35  23:10  Carrier x3 (Chrono Boost)  
  35  23:12  Zealot x4  
  40  23:58  Zealot  
  40  23:59  Zealot  
  40  24:00  Zealot  
  40  24:01  Zealot  
  48  24:09  Observer  
Tags
 
Add a new tag
Caveats
  • Supply blocks, unpowered buildings, or Contaminate may cause inaccurate times.
  • Supply counts are checked every 10 seconds.